 Dungeon Crawl Stone Soup version 0.27-a0-202-gdcb3803577 (webtiles) character file.

Game seed: 3240549368973963793

1 Tynka the Vexing (level 1, 17/17 HPs)
             Began as a Gnoll Arcane Marksman on Jan 30, 2021.
             Quit the game on level 1 of the Dungeon on Jan 4, 2023.
             The game lasted 00:01:44 (25 turns).

Tynka the Vexing (Gnoll Arcane Marksman)              Turns: 25, Time: 00:01:44

Health: 17/17      AC:  2    Str:  9    XL:     1   Next: 20%
Magic:  4/4        EV: 14    Int: 12    God:
Gold:   0          SH:  0    Dex: 12    Spells: 4/5 levels left

rFire    . . .     SeeInvis .   a - +0 shortbow
rCold    . . .     Faith    .   (shield currently unavailable)
rNeg     . . .     Spirit   .   e - +0 robe
rPois    .         Reflect  .   (no helmet)
rElec    .         Harm     .   (no cloak)
rCorr    .         Rampage  .   (no gloves)
Will     .....                  (no boots)
Stlth    +.........             (no amulet)
HPRegen  0.05/turn              (no ring)
MPRegen  0.09/turn              (no ring)

@: no status effects
A: distributed training, fangs 1, strong nose
a: no special abilities


You were on level 1 of the Dungeon.
You visited 1 branch of the dungeon, and saw 1 of its levels.

Inventory:

Hand Weapons
 a - a +0 shortbow (weapon)
Missiles
 d - 20 arrows (quivered ammo)
Armour
 e - a +0 robe (worn)


   Skills:
 + Level 2.3 Fighting
 + Level 0.0 Short Blades
 + Level 0.0 Long Blades
 + Level 0.0 Axes
 + Level 0.0 Maces & Flails
 + Level 0.0 Polearms
 + Level 0.0 Staves
 + Level 0.0 Slings
 + Level 4.4 Bows
 + Level 0.0 Crossbows
 + Level 0.0 Throwing
 + Level 0.0 Armour
 + Level 4.4 Dodging
 + Level 0.0 Stealth
 + Level 0.0 Shields
 + Level 0.0 Unarmed Combat
 + Level 2.6 Spellcasting
 + Level 0.0 Conjurations
 + Level 5.3 Hexes
 + Level 0.0 Summonings
 + Level 0.0 Necromancy
 + Level 0.0 Translocations
 + Level 0.0 Transmutations
 + Level 0.0 Fire Magic
 + Level 0.0 Ice Magic
 + Level 0.0 Air Magic
 + Level 0.0 Earth Magic
 + Level 0.0 Poison Magic
 + Level 0.0 Invocations
 + Level 0.0 Evocations


You had 4 spell levels left.
You knew the following spells:

 Your Spells              Type           Power        Failure   Level
a - Corona                Hex            15%          3%          1

Your spell library contained the following spells:

 Spells                   Type           Power        Failure   Level
 Slow                     Hex            14%          4%          2
 Inner Flame              Hex/Fire       7%           26%         3
 Portal Projectile        Hex/Tloc       14%          26%         3
 Cause Fear               Hex            7%           28%         4
 Leda's Liquefaction      Hex/Erth       3%           65%         4


Dungeon Overview and Level Annotations

Branches:
Dungeon (1/15)

Altars:


Innate Abilities, Weirdness & Mutations

Your experience applies equally to all skills.
You have very sharp teeth.
Your uncanny sense of smell can sniff out nearby items.


Message History

Aim: a giant cockroach (moderately wounded, 60% to hit)
You shoot an arrow. The arrow hits the giant cockroach.
You kill the giant cockroach!
Okay, then.
d - 20 arrows (gained 2)
You see here a giant cockroach corpse.
You aren't carrying any potions.
Save game and exit?
Welcome back, Tynka the Gnoll Arcane Marksman.
Press ? for a list of commands and other information.
Save game and exit?
Okay, then.
You are a level 1 Gnoll Arcane Marksman.
You are 20% of the way to level 2.
Play time: 00:01:14 (25 turns).
Zot will find you in 5974 turns if you stay in this branch and explore no new floors.
Okay, then.
Save game and exit?
Welcome back, Tynka the Gnoll Arcane Marksman.
Press ? for a list of commands and other information.
Are you sure you want to abandon this character and quit the game? (Confirm with "yes".)

..# .# ..# .# #.##.####
#........ ♣♣♣♣♣
#........ #♣♣♣♣...♣♣♣♣#
#........ #...........#
#....# #...........#
#@# ∆ #.8..8.8..8.# #.#
#..÷÷...÷÷..# #.#
#..÷÷...÷÷..# #.#
#.8.(8.8..8.# #.#
#...........###.#
#...........#...####+##
#...........#..[.......
#...........#.........#


There were no monsters in sight!

Vanquished Creatures
  A giant cockroach (D:1)
1 creature vanquished.

Notes
Turn   | Place    | Note
-------+----------+-------------------------------------------
     0 | D:1      | Tynka the Gnoll Arcane Marksman began the quest for the
                  | Orb.
     0 | D:1      | Reached XP level 1. HP: 17/17 MP: 4/4
    25 | D:1      | Quit the game

Illustrated notes

Levels and vault maps discovered:
D:1:      giann_forest_graveyard, layout_basic

Action                   || total
-------------------------++-------
 Fire: Shortbow          ||     2
Armor: Robe              ||     1

Table legend: (Time is in decaauts)
 A = Elapsed time spent in this place.
 B = Non-inter-level travel time spent in this place.
 C = Inter-level travel time spent in this place.
 D = Time resting spent in this place.
 E = Time spent auto-exploring this place.
 F = Levels seen in this place.
 G = Mean time per level.
                   A        B        C        D        E       F      G
               +--------+--------+--------+--------+--------+-----+--------+
         Total |     25 |     25 |      0 |      0 |     20 |   1 |   25.0 |
       Dungeon |     25 |     25 |      0 |      0 |     20 |   1 |   25.0 |
               +--------+--------+--------+--------+--------+-----+--------+

Top non-repeatable levels by time:
     D:1: 25 daAuts
